 Dungeon Crawl Stone Soup version 0.28-a0-724-g66f9036eb4 (webtiles) character file.

Game seed: 16962893678879842520

184 RepHenryClay the Stinger (level 5, -1/42 HPs)
             Began as a Naga Venom Mage on Oct 26, 2021.
             Slain by a water moccasin zombie (6 damage)
             ... on level 3 of the Dungeon.
             The game lasted 00:03:59 (2794 turns).

RepHenryClay the Stinger (Naga Venom Mage)          Turns: 2794, Time: 00:03:59

Health: -1/42      AC:  2    Str: 10    XL:     5   Next: 64%
Magic:  16/18      EV:  9    Int: 17    God:
Gold:   144        SH:  0    Dex: 11    Spells: 4/10 levels left

rFire   . . .      SeeInvis +   a - +2 spear (venom)
rCold   . . .      Faith    .   (no shield)
rNeg    . . .      Spirit   .   b - +0 robe
rPois   +          Reflect  .   (no helmet)
rElec   .          Harm     .   (no cloak)
rCorr   .          Rampage  .   (no gloves)
Will    +....                   (no barding)
Stlth   ++........              (no amulet)
HPRegen 0.14/turn               m - ring of magical power
MPRegen 0.16/turn               k - ring of willpower

@: about to teleport, very slow
A: AC +1, large, see invisible, deformed body, poison resistance, slowness 2,
spit poison 1, naga tail 1
a: Spit Poison


You were on level 3 of the Dungeon.
You visited 1 branch of the dungeon, and saw 3 of its levels.

You collected 144 gold pieces.

Inventory:

Hand Weapons
 a - a +2 spear of venom (weapon)
 c - a +2 dagger of venom
Armour
 b - a +0 robe (worn)
Jewellery
 h - a ring of protection from cold
 k - a ring of willpower (right hand)
 m - a ring of magical power (left hand)
Wands
 p - a wand of flame (16)
Scrolls
 e - a scroll of identify {@r1}
 f - a scroll of teleportation
 g - a scroll of enchant armour {unknown}
 l - a scroll of blinking {unknown}
 n - a scroll of summoning {unknown}
Potions
 d - a potion of degeneration {unknown}
 i - a potion of ambrosia {unknown}
 j - a potion of heal wounds {unknown}
 o - a potion of mutation {unknown}


   Skills:
 - Level 1.5 Dodging
 - Level 3.0 Stealth
 + Level 3.3 Spellcasting
 - Level 1.0 Transmutations
 - Level 2.1 Air Magic
 + Level 6.3 Poison Magic


You had 4 spell levels left.
You knew the following spells:

 Your Spells              Type           Power      Damage    Failure   Level
a - Sting                 Tmut/Pois      60%        1d6       3%          1
b - Poisonous Vapours     Pois/Air       34%        N/A       4%          2
c - Mephitic Cloud        Conj/Pois/Air  12%        N/A       16%         3

Your spell library contained the following spells:

 Spells                   Type           Power      Damage    Failure   Level
 Olgreb's Toxic Radiance  Pois           24%        N/A       12%         4


Dungeon Overview and Level Annotations

Branches:
Dungeon (3/15)

Altars:
Ashenzari


Innate Abilities, Weirdness & Mutations

Your serpentine skin is tough. (AC +1)
You have supernaturally acute eyesight. (SInv)
Armour fits poorly on your strangely shaped body.
Your system is resistant to poisons. (rPois)
You cover ground very slowly.
You can spit poison.
You have a snake-like lower body.


Message History

The water moccasin zombie is lightly damaged.
The water moccasin zombie barely misses you.
You hit the water moccasin zombie.
The water moccasin zombie is moderately damaged.
The water moccasin zombie bites you.
The water moccasin zombie bites you but does no damage.
Damage: -10%(-4hp) hp: 86%(36hp)
You completely miss the water moccasin zombie.
The water moccasin zombie is moderately damaged.
The water moccasin zombie bites you.
Damage: -14%(-6hp) hp: 72%(30hp)
You barely miss the water moccasin zombie.
The water moccasin zombie is moderately damaged.
The water moccasin zombie bites you.
You puncture the water moccasin zombie!
The water moccasin zombie is heavily damaged.
The water moccasin zombie bites you but does no damage.
The water moccasin zombie bites you.
Damage: -14%(-6hp) hp: 58%(24hp)
You closely miss the water moccasin zombie.
The water moccasin zombie is heavily damaged.
The water moccasin zombie bites you.
Huge Dmg: -15%(-6hp) hp: 43%(18hp)
Aiming: Throw Flame
Press: ? - help, Shift-Dir - straight line, f - water moccasin zombie
Aim: a water moccasin zombie (heavily damaged, 68% to hit)
The puff of flame hits the water moccasin zombie.
The water moccasin zombie is heavily damaged.
The water moccasin zombie bites you!
* * * LOW HITPOINT WARNING * * *
Huge Dmg: -16%(-7hp) hp: 27%(11hp)
As you read the scroll labelled ITATYNG BUZAE, it crumbles to dust.
It is a scroll of identify.
f - 2 scrolls of teleportation The water moccasin zombie bites you.
* * * LOW HITPOINT WARNING * * *
Huge Dmg: -15%(-6hp) hp: 12%(5hp)
As you read the scroll of teleportation, it crumbles to dust.
You feel strangely unstable. The water moccasin zombie bites you.
You die...

#..#.#)'#.#.# #....#..#...#
#..########.# #..'.#?$#.'รท#
#..'.#$)#.'.##
#..###..###..#
#....#).#....#
#..#.#')#.#..#
#......Z@....#
#.###.#.#.#..####
##########.###...#...#...#
.....>......#..#.###.#.#.###
###.#######.#....# #...#.).#
.##(.# ### .##.### #######.#
'###'###.. ....# #.#
....#..#.# ##### #.#
....#..#.# #.#


You could see a water moccasin zombie.

Vanquished Creatures
  An ogre (D:3)
  4 adders (D:3)
  2 dart slugs
  2 worms
  4 endoplasms (D:1)
  2 giant cockroaches
  8 goblins
  6 hobgoblins
  4 jackals (D:2)
  4 kobolds
  2 quokkas
  4 ball pythons
  9 bats
  3 frilled lizards
  3 rats
58 creatures vanquished.

Notes
Turn   | Place    | Note
-------+----------+-------------------------------------------
     0 | D:1      | RepHenryClay the Naga Venom Mage began the quest for the
                  | Orb.
     0 | D:1      | Reached XP level 1. HP: 15/15 MP: 3/3
   425 | D:1      | Reached XP level 2. HP: 21/22 MP: 3/5
   466 | D:1      | Learned a level 2 spell: Poisonous Vapours
   619 | D:1      | Reached skill level 1 in Air Magic
   754 | D:1      | Reached XP level 3. HP: 26/28 MP: 2/6
  1399 | D:2      | Learned a level 3 spell: Mephitic Cloud
  1479 | D:2      | Found a faded altar of an unknown god.
  1486 | D:2      | Reached skill level 5 in Poison Magic
  2262 | D:3      | Found a broken altar of Ashenzari.
  2315 | D:3      | Reached XP level 4. HP: 35/36 MP: 7/7
  2775 | D:3      | Noticed an ogre
  2785 | D:3      | Killed an ogre
  2786 | D:3      | Reached skill level 6 in Poison Magic
  2786 | D:3      | Reached XP level 5. HP: 40/42 MP: 9/9
  2794 | D:3      | Slain by a water moccasin zombie

Illustrated notes

Levels and vault maps discovered:
D:1:      dpeg_arrival_central, layout_basic
D:2:      layout_basic, hellmonk_ecumenical_altar_leap_of_faith,
          kennysheep_generic_room_8
D:3:      layout_basic, mainiacjoe_overflow_24_doors, serial_shops,
          nicolae_shop_crystal, minmay_mini_jars

Skill      XL: |  1  2  3  4 |
---------------+-------------+-----
Air Magic      | 1 2 |  2.1
Poison Magic   | 5 6 |  6.3
Spellcasting   | 3 |  3.3
Dodging        | |  1.5
Stealth        | |  3.0
Transmutations | |  1.0

Action                   |  1- 3 |  4- 6 || total
-------------------------+-------+-------++-------
Melee: Unarmed           |     4 |       ||     4
       Spear             |    41 |    19 ||    60
 Cast: Sting             |    38 |    20 ||    58
       Mephitic Cloud    |       |     1 ||     1
       Poisonous Vapours |       |     1 ||     1
 Abil: Spit Poison       |     3 |       ||     3
Evoke: Wand              |       |     1 ||     1
  Use: Scroll            |       |     2 ||     2
 Stab: Sleeping          |     6 |       ||     6
Armor: Robe              |     5 |     9 ||    14
Dodge: Dodged            |    27 |    10 ||    37

Table legend: (Time is in decaauts)
 A = Elapsed time spent in this place.
 B = Non-inter-level travel time spent in this place.
 C = Inter-level travel time spent in this place.
 D = Time resting spent in this place.
 E = Time spent auto-exploring this place.
 F = Levels seen in this place.
 G = Mean time per level.
                   A        B        C        D        E       F      G
               +--------+--------+--------+--------+--------+-----+--------+
         Total |   3351 |   3311 |     40 |    616 |   2305 |   3 | 1117.0 |
       Dungeon |   3351 |   3311 |     40 |    616 |   2305 |   3 | 1117.0 |
               +--------+--------+--------+--------+--------+-----+--------+

Top non-repeatable levels by time:
     D:1: 1511 daAuts
     D:2: 985 daAuts
     D:3: 854 daAuts
